Cogmind - Beta 13 @@@ ROGUE MODE // 2024.05.07 @ 13:24:19 Player: puppuppit Result: Destroyed by Striker with Compact Linear Accelerator Performance ------------- Evolutions (7) 3500 Regions Visited (24) 4800 Robots Destroyed (308) 1540 Value Destroyed (15133) 15133 Prototype IDs (91) 1820 Alien Tech Used (2) 400 Bonus (9087) 9087 TOTAL SCORE: 36280 Bonus ------- Triggered Max Security 1000 High Alert Combat Kills 4932 Follower Combat Kills 1835 Entered Garrisons 600 Aligned with FarCom 300 Acquired ECA 300 Met Zhirov 300 Met Warlord at Base 500 MAIN.C Attacked Warlord 500 Scanned by Researcher 500 Acquired SGEMP 2000 Friendly Fire -3680 Cogmind --------- Core Integrity 0/1300 Matter 245/300 Energy 100/100 System Corruption 39% Temperature Cool (0) Movement Core (50) Location -3/Testing Parts ------- > --- POWER (2) -------- (None) > --- PROPULSION (6) --- (None) > --- UTILITY (9) ------ (None) > --- WEAPON (4) ------- (None) > --- INVENTORY (5) ---- Relay Coupler [Proto] (9) Relay Coupler [Proto] (9) SGEMP Prototype Peak State ------------ > --- POWER ------------ Micro Antimatter Reactor Micro Antimatter Reactor > --- PROPULSION ------- Xenon Bombardment Thruster Improved Surge Thruster Field Propulsion Array Q-thruster Q-thruster > --- UTILITY ---------- Experimental Power Amplifier Advanced Heat Sink Experimental Matter Compressor Advanced Gravity Neutralizer Advanced Target Analyzer Experimental Target Analyzer Improved Armor Integrity Analyzer Hacking Suite System Shield > --- WEAPON ----------- Railgun Railgun Railgun Railgun > --- INVENTORY -------- Relay Coupler [Proto] Relay Coupler [Proto] Transdimensional Reconstructor Vortex Catalyst Activator [Rating: 148] Favorites ----------- Power Micro Fission Core Engine Light Ion Engine Power Core Micro Fission Core Reactor Micro Antimatter Reactor Propulsion Impulse Thruster Wheel Wheel Hover Unit Hover Unit Flight Unit Impulse Thruster Utility Improved System Shield Device Gravity Neutralizer Storage Improved Matter Compressor Processor Enhanced Optical Array Hackware Improved System Shield Protection Improved Medium Armor Plating Weapon Railgun Energy Gun Plasma Rifle Energy Cannon Advanced Plasma Cannon Ballistic Gun Railgun Ballistic Cannon Light Cannon Launcher Rocket Launcher Special Weapon Improved Remote Datajack Slashing Weapon Chainsword Special Melee Weapon Improved Datajack Build | -11 -10 -10 -10 -9 -8 -8 -8 -8 -8 -6 -5 -5 -5 -5 -4 -4 -4 -4 -4 -4 -4 -3 -3 -3 ------- Run | Yrd Mat Min Exi Min Mat Gar Sto Gar Rec Fac Fac Upp Upp Zhi Pro Fac Gar Fac Upp Upp War Pro Res Tes Slots Evolved 14 | . . . . . 4 . . . . 4 2 . . . . 2 . . . . . . 2 . Power 1 | . . . . . . . . . . . . . . . . 1 . . . . . . . . Propulsion 4 | . . . . . 1 . . . . 2 . . . . . . . . . . . . 1 . Utility 7 | . . . . . 1 . . . . 2 2 . . . . 1 . . . . . . 1 . Weapon 2 | . . . . . 2 . . . . . . . . . . . . . . . . . . . Parts Attached 434 | 10 5 5 2 . . 26 10 15 2 11 34 4 12 9 . 84 83 20 14 7 21 2 43 15 Power 52 | 2 . 1 . . . 4 . . . . 3 . 2 . . 12 18 3 . . 1 . 5 1 Engine 11 | 2 . 1 . . . 2 . . . . . . . . . 3 1 . . . . . 2 . Core 35 | . . . . . . 2 . . . . 3 . 2 . . 7 17 3 . . 1 . . . Reactor 6 | . . . . . . . . . . . . . . . . 2 . . . . . . 3 1 Propulsion 102 | 3 2 2 . . . 10 4 9 . 2 6 . 3 3 . 25 13 6 2 . 4 . 7 1 Treads . | . . . . . . . . . . . . . . . . . . . . . . . . . Leg . | . . . . . . . . . . . . . . . . . . . . . . . . . Wheel 3 | 3 . . . . . . . . . . . . . . . . . . . . . . . . Hover 13 | . 2 2 . . . . 2 . . 2 3 . . . . . . . . . . . 2 . Flight 86 | . . . . . . 10 2 9 . . 3 . 3 3 . 25 13 6 2 . 4 . 5 1 Utility 159 | 2 1 1 1 . . 2 2 6 2 6 12 3 3 5 . 37 20 9 5 3 9 2 24 4 Device 77 | 1 . 1 1 . . 2 1 6 1 1 6 1 2 2 . 24 4 4 2 1 5 . 10 2 Storage 5 | 1 . . . . . . . . . . 2 . . 1 . . . . . . . . 1 . Processor 27 | . 1 . . . . . 1 . . 2 1 1 1 . . 5 3 1 2 . 1 2 5 1 Hackware 14 | . . . . . . . . . 1 2 1 1 . 1 . 3 . 1 . . . . 3 1 Protection 36 | . . . . . . . . . . 1 2 . . 1 . 5 13 3 1 2 3 . 5 . Artifact . | . . . . . . . . . . . . . . . . . . . . . . . . . Weapon 121 | 3 2 1 1 . . 10 4 . . 3 13 1 4 1 . 10 32 2 7 4 7 . 7 9 Energy Gun 9 | 2 . . . . . . . . . . 2 . . . . . 5 . . . . . . . Energy Cannon 18 | . . . . . . . 1 . . . 8 . 3 1 . 2 . . . . 3 . . . Ballistic Gun 50 | 1 . . . . . 1 2 . . 1 2 . . . . . 21 2 7 . 2 . 6 5 Ballistic Cannon 8 | . 2 1 1 . . 4 . . . . . . . . . . . . . . . . . . Launcher 32 | . . . . . . 5 1 . . 2 . . . . . 8 5 . . 4 2 . 1 4 Special Weapon 1 | . . . . . . . . . . . . . . . . . 1 . . . . . . . Impact Weapon . | . . . . . . . . . . . . . . . . . . . . . . . . . Slashing Weapon 2 | . . . . . . . . . . . . 1 1 . . . . . . . . . . . Piercing Weapon . | . . . . . . . . . . . . . . . . . . . . . . . . . Special Melee Weapon 1 | . . . . . . . . . . . 1 . . . . . . . . . . . . . Unidentified Prototypes 32 | . . 1 1 . . 1 2 . . 1 5 . . 5 . 4 . . . . 3 . 7 2 Corrupted Parts 1 | . . . . . . . . . 1 . . . . . . . . . . . . . . . System Corruption 1 | . . . . . . . . . 1 . . . . . . . . . . . . . . . Parts Lost 74 | . . . 1 . . 2 . . . 8 2 2 2 . 1 4 21 1 1 1 . . 5 23 Power 11 | . . . . . . . . . . . 1 . . . 1 1 3 . . . . . 3 2 Propulsion 21 | . . . . . . 2 . . . 4 . . 1 . . . 6 1 . 1 . . . 6 Utility 27 | . . . 1 . . . . . . 3 1 1 1 . . 3 6 . 1 . . . 1 9 Weapon 15 | . . . . . . . . . . 1 . 1 . . . . 6 . . . . . 1 6 Highest Loss Streak 18 | . . . 1 . . 1 . . . 5 1 1 1 . 1 1 6 1 1 1 . . 4 18 To Critical Strikes 1 | . . . . . . . . . . . . . . . . . 1 . . . . . . . Average Slot Usage (%) 76 | . 99 96 82 85 54 61 70 72 55 48 56 80 74 80 79 83 82 92 88 84 68 85 88 77 Engine 1 | . 14 10 . . . . . . . . . . . . . . . . . . . . 1 3 Core 5 | . . . . . . 5 9 9 9 4 4 5 5 5 2 5 9 9 10 7 5 10 3 . Hover 3 | . 10 28 28 28 18 2 10 4 . 1 4 5 . . . . . . . . . . 1 . Flight 17 | . . . . . . 16 14 22 18 10 9 17 21 23 23 23 20 25 26 23 21 26 21 13 Device 13 | . 14 14 11 14 9 21 23 18 18 10 6 9 6 5 5 8 10 13 15 17 12 15 15 11 Processor 7 | . 9 14 14 14 9 3 3 9 . 2 10 5 13 14 11 6 5 8 8 10 5 6 13 14 Hackware 8 | . . . . . . . . . . 11 7 16 14 13 17 21 13 12 6 5 2 . 8 12 Protection 2 | . . . . . . . . . . . 1 5 3 2 5 3 3 4 8 7 8 15 3 . Energy Cannon 2 | . . . . . . . . . . . 3 1 3 11 11 9 1 . . . 2 . . . Ballistic Gun 6 | . . . . . . 5 9 9 9 5 . . . . . . 14 13 11 10 7 10 14 16 Ballistic Cannon 3 | . 26 28 28 28 18 7 . . . . . . . . . . . . . . . . . . Naked Turns 3 | . . . . . . . . . . . . . . . . . . . . . . . . 3 Heaviest Build 66 | 14 15 13 10 10 10 29 29 25 25 21 33 29 25 26 26 38 47 41 38 41 66 38 48 59 Greatest Support 57 | 26 20 12 12 12 12 29 29 30 30 26 30 30 25 31 31 38 46 41 39 39 38 38 57 57 Greatest Overweight (x) 2 | . 1 1 . . . 2 1 1 1 . 2 . . . . 1 1 . 1 1 2 . . 2 Average Overweight (x) . | . . . . . . . . . . . . . . . . . . . . . . . . . Largest Inventory Capacity 8 | 8 8 5 5 5 5 5 5 5 5 5 5 5 5 5 5 5 5 5 5 5 5 5 5 5 Average Capacity 5 | 7 5 5 5 5 5 5 5 5 5 5 5 5 5 5 5 5 5 5 5 5 5 5 5 5 Most Carried 8 | 3 8 5 5 5 5 5 5 5 5 5 5 5 5 5 5 5 5 5 5 5 5 5 5 5 Average Carried 4 | . 5 4 4 4 5 4 4 5 4 4 4 4 4 4 5 4 4 4 4 4 4 5 4 4 Final Capacity 8 | 8 5 5 5 5 5 5 5 5 5 5 5 5 5 5 5 5 5 5 5 5 5 5 5 5 Final Carried 5 | 3 5 5 5 5 5 5 5 5 5 4 5 5 5 5 5 5 5 5 5 5 5 5 5 4 Scrap Engine Consumption 26 | . . . . . . . . . 14 12 . . . . . . . . . . . . . . Constructs Created 3 | . . . . . . . . . . 3 . . . . . . . . . . . . . . Class Distribution -------------------- 20% | Scavenger-Sprinter 17% | Commander-Skirmisher 15% | Hacker-Sprinter 10% | Scavenger-Mutant 10% | Mutant 5% | Wizard-Sprinter 4% | Hacker-Mutant 3% | Commander-Gunner Dominant Class ---------------- Scavenger-Mutant | -10/Materials Scavenger-Mutant | -10/Mines Mutant | -10/Exiles Mutant | -9/Mines Mutant | -8/Materials Commander-Skirmisher | -8/Garrison Commander-Skirmisher | -8/Storage Commander-Skirmisher | -8/Garrison Commander-Skirmisher | -8/Recycling Commander-Mutant | -6/Factory Scavenger-Mutant | -5/Factory Hacker-Sprinter | -5/Upper Caves Hacker-Sprinter | -5/Upper Caves Hacker-Sprinter | -5/Zhirov Hacker-Sprinter | -4/Proximity Caves Hacker-Sprinter | -4/Factory Scavenger-Sprinter | -4/Garrison Scavenger-Sprinter | -4/Factory Scavenger-Sprinter | -4/Upper Caves Scavenger-Sprinter | -4/Upper Caves Scavenger-Sprinter | -4/Warlord Scavenger-Sprinter | -3/Proximity Caves Scavenger-Sprinter | -3/Research Hacker-Gunner | -3/Testing Resources | -11 -10 -10 -10 -9 -8 -8 -8 -8 -8 -6 -5 -5 -5 -5 -4 -4 -4 -4 -4 -4 -4 -3 -3 -3 ----------- Run | Yrd Mat Min Exi Min Mat Gar Sto Gar Rec Fac Fac Upp Upp Zhi Pro Fac Gar Fac Upp Upp War Pro Res Tes Matter Collected 13486 | 208 295 264 20 140 47 1091 508 1620 265 501 660 80 100 . 45 1162 3125 354 531 357 236 30 1542 305 Remotely 59 | . . . . . . . . . . . . . . . . . . . . . . . 59 . Salvage Created 14851 | 174 302 320 . 151 38 973 746 1602 763 407 547 . 130 . . 2959 3038 396 358 151 133 . 1588 75 Parts 676 | 10 23 16 . 15 . 51 50 89 34 20 23 . 8 . . 113 104 15 13 5 3 . 79 5 Haulers Intercepted 14 | . 1 . . . . 1 4 . . . 2 . . . . 2 . 1 . . . . 3 . Recyclers Shooed 23 | 1 2 . . 2 . . 2 . 2 1 1 . . . . 8 . . . . . . 4 . Parts Field Recycled . | . . . . . . . . . . . . . . . . . . . . . . . . . Retrieved Matter . | . . . . . . . . . . . . . . . . . . . . . . . . . Parts Self-Destructed 24 | . . . . . . . . . . . . . 7 . . . . . 12 5 . . . . Prevented 1 | . . . . . . . . . . . . . 1 . . . . . . . . . . . Kills | -11 -10 -10 -10 -9 -8 -8 -8 -8 -8 -6 -5 -5 -5 -5 -4 -4 -4 -4 -4 -4 -4 -3 -3 -3 ------- Run | Yrd Mat Min Exi Min Mat Gar Sto Gar Rec Fac Fac Upp Upp Zhi Pro Fac Gar Fac Upp Upp War Pro Res Tes Combat Hostiles Destroyed 197 | . 1 6 . . 1 29 6 39 4 2 6 . 4 . . 36 39 3 5 3 . . 11 2 Melee 3 | . . . . . . . . . . . . . 3 . . . . . . . . . . . Guns 107 | . . . . . . 10 6 39 4 2 . . . . . . 30 3 5 1 . . 6 1 Cannons 41 | . 1 5 . . 1 9 . . . . 6 . 1 . . 15 3 . . . . . . . AOE 41 | . . 1 . . . 10 . . . . . . . . . 16 6 . . 2 . . 5 1 Classes Destroyed 20 | 2 5 3 . . . 4 . . . 1 . . . . . 3 . . . . 1 . . 1 Worker 15 | . . 1 . 5 . . 1 . . . . . . . . 3 . . . . . . 5 . Builder 11 | . 3 . . 1 . . 2 . 2 . . . . . . 1 . . . . . . 2 . Tunneler 10 | 4 . 2 . 2 . . . . . . . . . . . 2 . . . . . . . . Hauler 14 | . 1 . . . . 1 4 . . . 2 . . . . 2 . 1 . . . . 3 . Recycler 28 | 1 2 2 . 1 . . 2 . 6 1 1 . . . . 7 . 1 . . . . 4 . Operator 10 | . 3 . . . . . . . . 2 1 . . . . 2 . . . . . . 2 . Watcher 14 | . 2 . . . . . 1 . . . . . . . . 5 2 2 . . . . 2 . Swarmer 58 | . . 3 . . . 10 1 11 . . 3 . 3 . . 10 11 3 . . . . 3 . Cutter 8 | . . . . . . 2 . . . . . . . . . 1 5 . . . . . . . Grunt 59 | . 1 1 . . 1 8 . 13 . 2 3 . . . . 12 8 . 3 3 . . 4 . Brawler 4 | . . . . . . . . . . 1 . . . . . . 2 . . . . . 1 . Duelist 9 | . . . . . . 1 . 4 . . . . . . . 2 1 . 1 . . . . . Sentry 35 | . . 2 . . . 4 5 8 4 1 . . . . . 2 7 . 1 . . . 1 . Demolisher 1 | . . . . . . . . . . . . . . . . 1 . . . . . . . . Specialist 5 | . . . . . . 2 1 2 . . . . . . . . . . . . . . . . Hunter 10 | . . . . . . 2 . 1 . . . . 1 . . 2 2 . . . . . . 2 Programmer 9 | . . . . . . . . . . . . . . . . 5 2 . . . . . 2 . Behemoth 2 | . . . . . . . . . . . . . . . . 1 1 . . . . . . . Investigator 1 | . . . . . . . . . . . . . . . . . . . . . . . . 1 Thug 2 | . . . . . . . . . . . . . . . . . . . . . 2 . . . Guerrilla 1 | . . . . . . . . . . . . . . . . 1 . . . . . . . . Wizard 1 | . . . . . . . . . . . . . . . . 1 . . . . . . . . Mutant 1 | . . . . . . . . . . . . . . . . . . . . . 1 . . . Best Kill Streak 10 | 5 4 3 . 6 1 10 6 6 4 1 4 . 1 . . 10 5 5 3 3 . . 9 2 Combat Bots Only 10 | . 1 3 . . 1 10 4 6 2 1 2 . 1 . . 6 5 3 3 3 . . 9 2 Max Kills in Single Turn 5 | 1 1 1 . 1 1 3 2 2 1 1 1 . 1 . . 4 3 1 1 1 3 . 5 1 Gunslinging . | . . . . . . . . . . . . . . . . . . . . . . . . . Exploded 5 | . . 1 . . . 3 . . . . . . . . . 3 3 . . 1 . . 5 1 Melee 1 | . . . . . . . . . . . . . 1 . . . . . . . . . . . Uniques/NPCs Destroyed . | . . . . . . . . . . . . . . . . . . . . . . . . . Combat | -11 -10 -10 -10 -9 -8 -8 -8 -8 -8 -6 -5 -5 -5 -5 -4 -4 -4 -4 -4 -4 -4 -3 -3 -3 -------- Run | Yrd Mat Min Exi Min Mat Gar Sto Gar Rec Fac Fac Upp Upp Zhi Pro Fac Gar Fac Upp Upp War Pro Res Tes Hostile Shots Fired 1222 | . 1 23 . . 9 55 5 34 . 157 78 18 33 . 22 113 244 17 34 15 12 . 73 279 Missed 487 | . . 8 . . 4 19 . 11 . 58 31 8 8 . 16 49 114 5 13 6 6 . 36 95 Damage Taken 14271 | . 12 186 . . 79 554 232 189 . 1993 871 185 425 . 110 1607 3332 183 438 188 303 . 800 2584 Core 3370 | . . 35 . . 13 114 15 18 . 812 190 53 36 . 31 313 440 . 60 . 5 . 166 1069 Absorbed by Shields 1769 | . . . . . . 46 . . . . . . . . . . 155 . . . . . . 1568 Redirected to Shielding 435 | . . . . . . . . . . . . . . . 19 173 52 . . 34 14 . 143 . Ignored by Resistances 57 | . . . . . . . . . . . 57 . . . . . . . . . . . . . Regen/Repaired (Parts) 476 | . . . . . . . 60 . . 19 50 . . . . 189 . . . . 129 . 29 . Core Remaining (%) 59 | 100 . . . 86 . . . . 70 4 . . . . 69 . . . . . . 28 . . Volleys Fired 856 | 9 21 24 . 17 7 69 28 98 17 29 51 . 8 . . 168 164 20 26 13 8 . 64 15 Largest 4 | 2 2 2 . 2 2 3 1 1 1 2 3 . 1 . . 2 4 3 3 3 2 . 4 4 Hottest 268 | 60 70 70 . 70 70 103 60 60 60 60 268 . 98 . . 203 180 101 101 109 66 . 140 140 Shots Fired 1654 | 18 42 48 . 34 14 108 28 98 17 35 64 . 8 . . 279 506 47 71 22 10 . 174 31 Gun 1040 | 18 . . . . . 27 25 98 17 29 7 . . . . . 481 47 71 11 9 . 173 27 Cannon 554 | . 42 48 . 34 14 73 . . . . 57 . 8 . . 263 15 . . . . . . . Launcher 56 | . . . . . . 8 3 . . 6 . . . . . 16 6 . . 11 1 . 1 4 Special 4 | . . . . . . . . . . . . . . . . . 4 . . . . . . . Kinetic 1175 | 9 42 48 . 34 14 100 25 98 17 29 5 . . . . . 416 47 71 11 9 . 173 27 Thermal 410 | . . . . . . . . . . . 59 . 8 . . 263 80 . . . . . . . Explosive 54 | . . . . . . 8 3 . . 6 . . . . . 16 6 . . 11 . . . 4 Electromagnetic 9 | 9 . . . . . . . . . . . . . . . . . . . . . . . . Entropic 2 | . . . . . . . . . . . . . . . . . . . . . 1 . 1 . Robot Hit Streak 32 | 8 11 7 . 8 3 13 16 18 7 12 5 . 2 . . 15 32 10 8 5 2 . 7 5 Robot Miss Streak 9 | 1 2 4 . 4 5 6 5 9 5 3 3 . 1 . . 9 7 2 4 2 2 . 5 1 Penetration Max 2 | . . . . . . . . . . . . . . . . . 2 1 1 . . . 2 . Secondary Targets 6 | . . . . . . . . . . . . . . . . . 3 . 1 . . . 2 . Max Gunslinging Chain 1 | . . . . . . . . . . . . . . . . . 1 . 1 . . . 1 . Shots Hit Robots 946 | 13 24 26 . 14 6 55 22 72 15 22 34 5 10 . . 122 323 28 40 9 2 . 94 10 Core Hits 605 | 5 12 10 . 9 2 57 22 62 12 26 19 1 4 . . 98 141 15 15 7 6 . 53 29 Critical Kills 11 | . . . . . . . . . . . . . . . . 3 3 . . . . . 3 2 Critical Parts Destroyed 13 | . . . . . . . . . . . . . . . . . 2 . . . 1 . 9 1 Critical Strikes 44 | . 1 4 . 1 . 3 . . . . . 1 2 . . 3 12 . . . 1 . 13 3 Burn 7 | . . . . . . . . . . . . . . . . . 7 . . . . . . . Meltdown 3 | . . . . . . . . . . . . . . . . 3 . . . . . . . . Destroy 22 | . . . . . . . . . . . . . . . . . 5 . . . 1 . 13 3 Blast 9 | . 1 4 . 1 . 3 . . . . . . . . . . . . . . . . . . Sever 3 | . . . . . . . . . . . . 1 2 . . . . . . . . . . . Melee Attacks 21 | . . . . . . . . . . . 3 5 13 . . . . . . . . . . . Impact . | . . . . . . . . . . . . . . . . . . . . . . . . . Slashing 18 | . . . . . . . . . . . . 5 13 . . . . . . . . . . . Piercing . | . . . . . . . . . . . . . . . . . . . . . . . . . Sneak Attacks 3 | . . . . . . . . . . . 3 . . . . . . . . . . . . . Combat Hostiles . | . . . . . . . . . . . . . . . . . . . . . . . . . Follow-up Attacks . | . . . . . . . . . . . . . . . . . . . . . . . . . Damage Inflicted 42976 | 182 432 473 . 240 83 3076 1566 3919 778 1196 1285 200 373 . . 9298 9189 752 1033 444 2137 . 3794 2526 Guns 21041 | 152 . . . . . 1000 1200 3919 778 870 163 . . . . . 7740 752 1033 209 58 . 2981 186 Cannons 7752 | . 432 473 . 240 83 723 . . . . 905 . 162 . . 4442 292 . . . . . . . Explosions 13769 | 30 . . . . . 1353 366 . . 323 217 . . . . 4856 1157 . . 235 2079 . 813 2340 Melee 411 | . . . . . . . . . . . . 200 211 . . . . . . . . . . . Ramming 3 | . . . . . . . . . . 3 . . . . . . . . . . . . . . Kinetic 22108 | 57 432 473 . 240 83 1723 1200 3919 778 870 113 . . . . . 7001 752 1033 209 58 . 2981 186 Thermal 6898 | 30 . . . . . . . . . . 955 . 162 . . 4732 1019 . . . . . . . Explosive 10428 | . . . . . . 1353 366 . . 323 175 . . . . 4479 1157 . . 235 . . . 2340 Electromagnetic 224 | 95 . . . . . . . . . . 42 . . . . 87 . . . . . . . . Impact 12 | . . . . . . . . . . . . . . . . . 12 . . . . . . . Slashing 411 | . . . . . . . . . . . . 200 211 . . . . . . . . . . . Piercing . | . . . . . . . . . . . . . . . . . . . . . . . . . Entropic 2892 | . . . . . . . . . . . . . . . . . . . . . 2079 . 813 . Highest Corruption 39 | . . . . . . . . . 1 1 . . . . . 2 5 5 5 5 5 . 3 39 Average Corruption 3 | . . . . . . . . . 1 1 . . . . . 1 3 5 5 5 5 . 1 8 Corruption Purged 6 | . . . . . . . . . . . . . . . . 3 . . . . . . 3 . Corruption Blocked 55 | . . . . . . . . . . . . . . . . 55 . . . . . . . . Effects 73 | . . . . . . . . . . 1 . . . . . 5 39 11 6 7 . . 4 . Message Errors 15 | . . . . . . . . . . 1 . . . . . 2 8 3 . 1 . . . . Matter Fused 16 | . . . . . . . . . . . . . . . . 1 7 2 3 2 . . 1 . Heat Flow Errors 6 | . . . . . . . . . . . . . . . . 1 3 . 2 . . . . . Energy Discharges 10 | . . . . . . . . . . . . . . . . 1 6 1 1 1 . . . . Parts Rejected 1 | . . . . . . . . . . . . . . . . . . . . . . . 1 . Parts Fused 1 | . . . . . . . . . . . . . . . . . 1 . . . . . . . Data Loss (minor) 9 | . . . . . . . . . . . . . . . . . 4 3 . 2 . . . . Data Loss (major) 3 | . . . . . . . . . . . . . . . . . 2 1 . . . . . . Misfires 1 | . . . . . . . . . . . . . . . . . 1 . . . . . . . Alerts 2 | . . . . . . . . . . . . . . . . . 1 . . . . . 1 . Weapon Failures 9 | . . . . . . . . . . . . . . . . . 6 1 . 1 . . 1 . Overload Shots 3 | . . . . . . . . . . . . . . . . 3 . . . . . . . . Overflow Damage 735 | . 13 5 . . . 27 . . . 5 6 . 21 . . 409 39 . . . 132 . 58 20 Projectiles 225 | . 13 5 . . . . . . . . 6 . . . . 201 . . . . . . . . Explosions 489 | . . . . . . 27 . . . 5 . . . . . 208 39 . . . 132 . 58 20 Melee 21 | . . . . . . . . . . . . . 21 . . . . . . . . . . . Knockbacks 25 | . 3 8 . 2 2 10 . . . . . . . . . . . . . . . . . . Impact . | . . . . . . . . . . . . . . . . . . . . . . . . . Kinetic 22 | . 3 8 . 2 2 7 . . . . . . . . . . . . . . . . . . Secondary 3 | . . . . . . 3 . . . . . . . . . . . . . . . . . . Self-Inflicted Damage 693 | . . . . . . 31 131 . . 23 87 . . . . . 92 . . . 172 . . 157 Shots 12 | . . . . . . 1 2 . . 1 2 . . . . . 2 . . . 1 . . 3 Rammed 2 | . . . . . . . . . . 2 . . . . . . . . . . . . . . Targets Rammed 2 | . . . . . . . . . . 2 . . . . . . . . . . . . . . Kicked . | . . . . . . . . . . . . . . . . . . . . . . . . . Crushed . | . . . . . . . . . . . . . . . . . . . . . . . . . Highest Temperature 401 | . 51 75 . 2 21 142 164 309 192 222 306 . 5 . . 401 231 4 210 34 1 . 302 36 Average Temperature 62 | . 12 25 . 2 11 42 55 80 74 62 122 . 5 . . 53 69 3 55 15 1 . 79 19 Received Heat Transfer 2269 | . 6 48 . . 63 261 27 90 . 534 189 30 . . . 138 283 . 117 27 27 . 27 402 Effects 10 | . . . . . . . . 2 . . 4 . . . . 1 . . . . . . 3 . Shutdowns 1 | . . . . . . . . . . . . . . . . 1 . . . . . . . . Energy Bleed 2 | . . . . . . . . 2 . . . . . . . . . . . . . . . . Interference 7 | . . . . . . . . . . . 4 . . . . . . . . . . . 3 . Siege Activations . | . . . . . . . . . . . . . . . . . . . . . . . . . Robots Corrupted . | . . . . . . . . . . . . . . . . . . . . . . . . . Combat Hostiles . | . . . . . . . . . . . . . . . . . . . . . . . . . Parts Fried 5 | 1 . . . . . . . . . . . . . . . 4 . . . . . . . . Impact Corruptions . | . . . . . . . . . . . . . . . . . . . . . . . . . Robots Melted 5 | . . . . . . . . . . . . . . . . 5 . . . . . . . . Combat Hostiles 5 | . . . . . . . . . . . . . . . . 5 . . . . . . . . Parts Melted 24 | . . . . . . . . . . . . . 2 . . 19 3 . . . . . . . Heat Transferred 11197 | 50 . . . . . . . . . . 1487 . 250 . . 6660 2750 . . . . . . . Parts Sabotaged . | . . . . . . . . . . . . . . . . . . . . . . . . . Parts Stolen . | . . . . . . . . . . . . . . . . . . . . . . . . . Parts Stripped . | . . . . . . . . . . . . . . . . . . . . . . . . . Power Chain Reactions 1 | 1 . . . . . . . . . . . . . . . . . . . . . . . . Alert | -11 -10 -10 -10 -9 -8 -8 -8 -8 -8 -6 -5 -5 -5 -5 -4 -4 -4 -4 -4 -4 -4 -3 -3 -3 ------- Run | Yrd Mat Min Exi Min Mat Gar Sto Gar Rec Fac Fac Upp Upp Zhi Pro Fac Gar Fac Upp Upp War Pro Res Tes Peak Influence 3150 | 25 186 302 . 45 38 1272 1323 3150 1637 919 640 . . . . 1653 3133 2023 . . . . 487 2004 Initial 1644 | . 16 13 . . 17 27 620 762 1417 653 450 . . . . 18 1157 1644 . . . . . 155 Average 1074 | 8 72 139 . 29 26 761 929 2123 1545 783 486 . . . . 472 2166 1783 . . . . 211 1855 Maximum Alert Level 5 | . . 1 . . . 4 4 5 5 3 2 . . . . 5 5 5 . . . . 2 5 Low Security (%) 17 | 100 100 70 . 100 100 5 . . . . . . . . . 25 . . . . . . 48 . Level 1 13 | . . 29 . . . 11 . . . . 14 . . . . 44 . . . . . . 33 . Level 2 14 | . . . . . . 35 11 . . 32 85 . . . . 7 . . . . . . 18 . Level 3 11 | . . . . . . 24 78 10 . 67 . . . . . 9 . . . . . . . . Level 4 12 | . . . . . . 23 10 19 73 . . . . . . 10 19 . . . . . . . Level 5 26 | . . . . . . . . 69 26 . . . . . . 2 80 100 . . . . . . High Security . | . . . . . . . . . . . . . . . . . . . . . . . . . Max Security 2 | . . . . . . . . . . . . . . . . . . . . . . . . 99 Squads Dispatched 61 | . 1 . . . . . 1 . . 7 4 . . . . 24 . 4 . . . . 7 13 Investigation 14 | . . . . . . . . . . 3 2 . . . . 7 . . . . . . 2 . Extermination 6 | . . . . . . . . . . . 1 . . . . 3 . 1 . . . . 1 . Reinforcement 13 | . 1 . . . . . . . . 2 1 . . . . 6 . . . . . . 3 . Assault 20 | . . . . . . . . . . 2 . . . . . 2 . 3 . . . . . 13 Garrison 8 | . . . . . . . 1 . . . . . . . . 6 . . . . . . 1 . Intercept . | . . . . . . . . . . . . . . . . . . . . . . . . . Searches Triggered 1 | . . . . . . . . . . . . . . . . . . . . . . . 1 . Construction Impeded 2 | . . . . . . . . . . 1 . . . . . . . . . . . . 1 . Haulers Reinforced 2 | . . . . . . . . . . . 1 . . . . . . . . . . . 1 . Active Scanning Responses . | . . . . . . . . . . . . . . . . . . . . . . . . . Cargo Convoy Interrupts . | . . . . . . . . . . . . . . . . . . . . . . . . . Stealth | -11 -10 -10 -10 -9 -8 -8 -8 -8 -8 -6 -5 -5 -5 -5 -4 -4 -4 -4 -4 -4 -4 -3 -3 -3 --------- Run | Yrd Mat Min Exi Min Mat Gar Sto Gar Rec Fac Fac Upp Upp Zhi Pro Fac Gar Fac Upp Upp War Pro Res Tes Distress Signals 18 | . . . . . . . 2 . . 5 1 . . . . 2 1 1 . . . . 5 1 Communications Jammed . | . . . . . . . . . . . . . . . . . . . . . . . . . Distress Signals . | . . . . . . . . . . . . . . . . . . . . . . . . . Times Spotted 527 | . 7 10 . . 1 27 9 55 1 53 16 10 9 . 4 89 51 24 6 5 40 . 41 69 Peak Tracking Total 40 | . 2 4 . . 1 3 2 8 1 30 4 10 5 . 4 8 9 8 3 3 26 . 11 40 Tactical Retreats 43 | . . 3 . . . . 1 4 . 3 1 4 4 . 1 2 6 3 1 . . . 8 2 Traps | -11 -10 -10 -10 -9 -8 -8 -8 -8 -8 -6 -5 -5 -5 -5 -4 -4 -4 -4 -4 -4 -4 -3 -3 -3 ------- Run | Yrd Mat Min Exi Min Mat Gar Sto Gar Rec Fac Fac Upp Upp Zhi Pro Fac Gar Fac Upp Upp War Pro Res Tes Traps Triggered 33 | . . . . . . 10 . 9 . . . . . . . 1 9 1 . . . . 1 2 Indirectly 1 | . . . . . . . . . . . . . . . . 1 . . . . . . . . Trap Hack Attempts . | . . . . . . . . . . . . . . . . . . . . . . . . . Triggered . | . . . . . . . . . . . . . . . . . . . . . . . . . Disarmed . | . . . . . . . . . . . . . . . . . . . . . . . . . Reprogrammed 12 | . 3 . . . . . . . . . 4 . . . . 5 . . . . . . . . Reused 6 | . . 2 . . . . . . . . . . . . . 4 . . . . . . . . Traps Extracted . | . . . . . . . . . . . . . . . . . . . . . . . . . Installed 5 | . . 5 . . . . . . . . . . . . . . . . . . . . . . Triggered 20 | . . 2 . . . . . . . . . . . . . 5 . . . . 13 . . . Most Traps Carried 2 | . . 2 . . . . . . . . . . . . . . . . . . . . . . Machines | -11 -10 -10 -10 -9 -8 -8 -8 -8 -8 -6 -5 -5 -5 -5 -4 -4 -4 -4 -4 -4 -4 -3 -3 -3 ---------- Run | Yrd Mat Min Exi Min Mat Gar Sto Gar Rec Fac Fac Upp Upp Zhi Pro Fac Gar Fac Upp Upp War Pro Res Tes Machines Disabled 95 | . 1 . . . . 7 5 13 1 5 3 . . . . 37 13 1 . . 1 . 3 5 Max in Single Turn 7 | . 1 . . . . 1 2 2 1 5 2 . . . . 7 2 1 . . 1 . 1 1 Garrison Access 6 | . . . . . . . . . . 1 . . . . . 3 . 2 . . . . . . Garrison Relay 18 | . . . . . . 5 . 5 . . . . . . . . 8 . . . . . . . Phase Generator 2 | . . . . . . . . 1 . . . . . . . . 1 . . . . . . . Machines Repaired . | . . . . . . . . . . . . . . . . . . . . . . . . . Machines Dismantled . | . . . . . . . . . . . . . . . . . . . . . . . . . Machines Sabotaged . | . . . . . . . . . . . . . . . . . . . . . . . . . Overloaded Fab Kills . | . . . . . . . . . . . . . . . . . . . . . . . . . Hacking | -11 -10 -10 -10 -9 -8 -8 -8 -8 -8 -6 -5 -5 -5 -5 -4 -4 -4 -4 -4 -4 -4 -3 -3 -3 --------- Run | Yrd Mat Min Exi Min Mat Gar Sto Gar Rec Fac Fac Upp Upp Zhi Pro Fac Gar Fac Upp Upp War Pro Res Tes Machines Accessed 147 | . 6 1 5 . 2 4 6 4 14 10 16 . 1 9 . 25 3 11 1 . 8 . 21 . Terminals 71 | . 6 . . . 1 4 4 4 6 7 7 . . . . 12 3 6 . . . . 11 . Fabricators 11 | . . . . . . . . . . 2 2 . . . . 4 . . . . . . 3 . Repair Stations 8 | . . . . . . . 1 . . . 3 . . . . 2 . 1 . . . . 1 . Recycling Units 13 | . . . . . . . . . 8 . 2 . . . . 1 . . . . . . 2 . Scanalyzers 6 | . . . . . . . . . . . 1 . . . . 2 . 2 . . . . 1 . Garrison Access 13 | . . . . . 1 . 1 . . 1 1 . . . . 4 . 2 . . . . 3 . Total Hacks 475 | . 20 1 50 . 4 11 22 9 34 24 38 . 1 48 . 102 4 39 1 . 14 . 53 . Successful 274 | . 7 1 50 . 2 2 7 2 10 10 19 . 1 48 . 63 1 17 1 . 14 . 19 . Failed 199 | . 12 . . . 2 9 15 7 24 14 19 . . . . 39 3 21 . . . . 34 . Catastrophic 32 | . 3 . . . . . 1 2 3 4 1 . . . . 6 1 2 . . . . 9 . Database Lockouts 2 | . 1 . . . . . . . . . . . . . . . . 1 . . . . . . Manual 130 | . 12 . 1 . 3 . 6 . 9 13 8 . . . . 46 . 13 . . . . 19 . Terminals 228 | . 20 . . . 3 11 10 9 15 17 20 . . . . 61 4 26 . . . . 32 . Fabricators 29 | . . . . . . . . . . 6 5 . . . . 12 . . . . . . 6 . Repair Stations 30 | . . . . . . . 9 . . . 8 . . . . 9 . 2 . . . . 2 . Recycling Units 29 | . . . . . . . . . 19 . 3 . . . . 2 . . . . . . 5 . Scanalyzers 21 | . . . . . . . . . . . 1 . . . . 12 . 6 . . . . 2 . Garrison Access 23 | . . . . . 1 . 3 . . 1 1 . . . . 6 . 5 . . . . 6 . Terminal Hacks 201 | . 7 1 50 . 1 2 3 2 3 4 9 . 1 48 . 33 1 10 1 . 14 . 11 . Record 99 | . . . 49 . . . . . . . . . . 36 . . . 2 . . 9 . 3 . Part Schematic 7 | . . . . . . . . . . . 1 . . 4 . 2 . . . . . . . . Robot Schematic 4 | . . . . . . . . . 1 . . . . . . 2 . 1 . . . . . . Robot Analysis 16 | . 1 . . . 1 . . . . . . . . 4 . 8 . 2 . . . . . . Prototype ID Bank 18 | . 2 . . . . . 1 . 1 . 1 . . 4 . 3 . . . . 4 . 2 . Open Door 8 | . . 1 . . . 1 1 1 . . . . 1 . . . 1 . 1 . 1 . . . Open DSF 1 | . . . . . . . . . . . . . . . . . . . . . . . 1 . Level Access Points 1 | . . . . . . . . . . . . . . . . 1 . . . . . . . . Branch Access Points 6 | . 1 . . . . . . . . 1 1 . . . . 1 . 1 . . . . 1 . Emergency Access Points 1 | . . . . . . . . 1 . . . . . . . . . . . . . . . . Terminal Index 4 | . . . . . . . . . . 1 1 . . . . 1 . 1 . . . . . . Fabricator Index 1 | . . . . . . . . . . . . . . . . . . . . . . . 1 . Unreport Threat 9 | . 1 . . . . . 1 . . . 1 . . . . 4 . . . . . . 2 . Reprogram Traps 6 | . 1 . . . . . . . . . 1 . . . . 4 . . . . . . . . Security Status 1 | . . . . . . . . . . . . . . . . . . 1 . . . . . . Recall Investigation 1 | . . . . . . . . . . . . . . . . 1 . . . . . . . . Recall Reinforcements 2 | . . . . . . . . . . . . . . . . 2 . . . . . . . . Registered Components 1 | . . . . . . . . . . . 1 . . . . . . . . . . . . . Zone Layout 13 | . 1 . . . . . . . 1 2 2 . . . . 4 . 2 . . . . 1 . Garrison Registry 1 | . . . . . . 1 . . . . . . . . . . . . . . . . . . Derelict Proto ID Bank 1 | . . . 1 . . . . . . . . . . . . . . . . . . . . . Fabricator Hacks 17 | . . . . . . . . . . 5 3 . . . . 9 . . . . . . . . Network Status 2 | . . . . . . . . . . 1 . . . . . 1 . . . . . . . . Load Schematic 7 | . . . . . . . . . . 2 1 . . . . 4 . . . . . . . . Build 8 | . . . . . . . . . . 2 2 . . . . 4 . . . . . . . . Repair Station Hacks 18 | . . . . . . . 3 . . . 5 . . . . 7 . 1 . . . . 2 . Scan Component 11 | . . . . . . . 2 . . . 2 . . . . 5 . 1 . . . . 1 . Repair 6 | . . . . . . . 1 . . . 2 . . . . 2 . . . . . . 1 . Refit 1 | . . . . . . . . . . . 1 . . . . . . . . . . . . . Recycling Unit Hacks 9 | . . . . . . . . . 7 . 1 . . . . . . . . . . . 1 . Retrieve Components 9 | . . . . . . . . . 7 . 1 . . . . . . . . . . . 1 . Scanalyzer 15 | . . . . . . . . . . . . . . . . 10 . 4 . . . . 1 . Insert Component 8 | . . . . . . . . . . . . . . . . 5 . 2 . . . . 1 . Analyze 7 | . . . . . . . . . . . . . . . . 5 . 2 . . . . . . Garrison Access Hacks 11 | . . . . . 1 . 1 . . 1 1 . . . . 4 . 2 . . . . 1 . Unlock Access 5 | . . . . . 1 . 1 . . . 1 . . . . 1 . . . . . . 1 . Seal Access 6 | . . . . . . . . . . 1 . . . . . 3 . 2 . . . . . . Unauthorized Hacks 3 | . . . . . . . . . . . . . . . . . . . . . . . 3 . Terminals . | . . . . . . . . . . . . . . . . . . . . . . . . . Fabricators . | . . . . . . . . . . . . . . . . . . . . . . . . . Repair Stations . | . . . . . . . . . . . . . . . . . . . . . . . . . Recycling Units . | . . . . . . . . . . . . . . . . . . . . . . . . . Scanalyzers . | . . . . . . . . . . . . . . . . . . . . . . . . . Garrison Access 3 | . . . . . . . . . . . . . . . . . . . . . . . 3 . Broadcast 1 | . . . . . . . . . . . . . . . . . . . . . . . 1 . Redirect 1 | . . . . . . . . . . . . . . . . . . . . . . . 1 . Intercept 1 | . . . . . . . . . . . . . . . . . . . . . . . 1 . Data Cores Recovered 3 | . 1 . . . . . . . . 1 1 . . . . . . . . . . . . . Used 2 | . . . . . . . . . . 1 1 . . . . . . . . . . . . . Hacking Detections 101 | . 5 . . . 1 4 5 3 11 9 12 . . . . 21 2 8 . . . . 20 . Full Trace Events 18 | . 1 . . . . . . 2 1 3 2 . . . . 7 . . . . . . 2 . Feedback Events 1 | . . . . . . . . . . 1 . . . . . . . . . . . . . . Corruption 1 | . . . . . . . . . . 1 . . . . . . . . . . . . . . Feedback Blocked . | . . . . . . . . . . . . . . . . . . . . . . . . . Robot Schematics Acquired 4 | . . . . . . . . . 1 . . . . . . 2 . 1 . . . . . . Robots Built 8 | . . . . . . . . . . 1 2 . . . . 5 . . . . . . . . Authchips . | . . . . . . . . . . . . . . . . . . . . . . . . . Time 912 | . . . . . . . . . . 232 98 . . . . 582 . . . . . . . . Total Robot Build Rating 42 | . . . . . . . . . . 3 4 . . . . 35 . . . . . . . . Part Schematics Acquired 12 | . . . . . . . . . . . 1 . . 4 . 5 . 2 . . . . . . Parts Built . | . . . . . . . . . . . . . . . . . . . . . . . . . Authchips . | . . . . . . . . . . . . . . . . . . . . . . . . . Time . | . . . . . . . . . . . . . . . . . . . . . . . . . Total Part Build Rating . | . . . . . . . . . . . . . . . . . . . . . . . . . Parts Repaired 6 | . . . . . . . 1 . . . 2 . . . . 2 . . . . . . 1 . Time 288 | . . . . . . . 32 . . . 134 . . . . 100 . . . . . . 22 . Parts Recycled . | . . . . . . . . . . . . . . . . . . . . . . . . . Recycled Matter . | . . . . . . . . . . . . . . . . . . . . . . . . . Retrieved Matter . | . . . . . . . . . . . . . . . . . . . . . . . . . Retrieved Components 29 | . . . . . . . . . 16 . 10 . . . . . . . . . . . 3 . Parts Scanalyzed 6 | . . . . . . . . . . . . . . . . 4 . 2 . . . . . . Part Schematics Acquired 6 | . . . . . . . . . . . . . . . . 4 . 2 . . . . . . Parts Damaged 1 | . . . . . . . . . . . . . . . . . . 1 . . . . . . Bothacking | -11 -10 -10 -10 -9 -8 -8 -8 -8 -8 -6 -5 -5 -5 -5 -4 -4 -4 -4 -4 -4 -4 -3 -3 -3 ------------ Run | Yrd Mat Min Exi Min Mat Gar Sto Gar Rec Fac Fac Upp Upp Zhi Pro Fac Gar Fac Upp Upp War Pro Res Tes Used RIF Installer . | . . . . . . . . . . . . . . . . . . . . . . . . . Robots Hacked 2 | . . . . . . . . . . . 2 . . . . . . . . . . . . . Non-combat 2 | . . . . . . . . . . . 2 . . . . . . . . . . . . . Combat . | . . . . . . . . . . . . . . . . . . . . . . . . . Robot Hacks Applied 3 | . . . . . . . . . . . 3 . . . . . . . . . . . . . parse_system 1 | . . . . . . . . . . . 1 . . . . . . . . . . . . . no_distress 1 | . . . . . . . . . . . 1 . . . . . . . . . . . . . find_chute 1 | . . . . . . . . . . . 1 . . . . . . . . . . . . . Relay Couplers Released 71 | . . . . . . 20 . 18 . . . . . . . 3 30 . . . . . . . Machine Destruction 71 | . . . . . . 20 . 18 . . . . . . . 3 30 . . . . . . . Fabnet Peak Effective % . | . . . . . . . . . . . . . . . . . . . . . . . . . Robots Rewired 40 | . . . . . . 12 . 8 5 . . . . . . 1 9 . . . 5 . . . Allies Hacked 1 | . . . . . . . . . . . . . . . . . 1 . . . . . . . Hacks Repelled . | . . . . . . . . . . . . . . . . . . . . . . . . . Allies | -11 -10 -10 -10 -9 -8 -8 -8 -8 -8 -6 -5 -5 -5 -5 -4 -4 -4 -4 -4 -4 -4 -3 -3 -3 -------- Run | Yrd Mat Min Exi Min Mat Gar Sto Gar Rec Fac Fac Upp Upp Zhi Pro Fac Gar Fac Upp Upp War Pro Res Tes Total Allies 50 | . . . . . . 12 . 9 5 1 2 . . . . 7 9 . . . 5 . . . Largest Group 12 | . . . . . . 12 12 11 12 12 2 . . . . 3 5 . . . 5 . . . Highest-Rated Group 292 | . . . . . . 261 261 201 209 209 32 . . . . 190 225 . . . 292 . . . Highest-Rated Ally 82 | . . . . . . 25 25 25 21 26 26 . . . . 82 50 . . . 65 . . . Warlord Squad Rendezvous 5 | . . . . . . . . . . . . . . . . 5 . . . . . . . . Geek 3 | . . . . . . . . . . . . . . . . 3 . . . . . . . . Ranger 1 | . . . . . . . . . . . . . . . . 1 . . . . . . . . Pyro 1 | . . . . . . . . . . . . . . . . 1 . . . . . . . . Total Orders 59 | . . 2 . . . 9 2 13 . 11 8 . . . . 3 2 . . 2 7 . . . STAY 24 | . . . . . . 2 1 6 . 1 6 . . . . 2 1 . . . 5 . . . FOLLOW 16 | . . . . . . 1 1 6 . 4 2 . . . . 1 1 . . . . . . . DROP 1 | . . . . . . . . . . 1 . . . . . . . . . . . . . . PICKUP 2 | . . . . . . . . . . 2 . . . . . . . . . . . . . . COLLECT 3 | . . . . . . . . . . 3 . . . . . . . . . . . . . . EXPLORE 6 | . . 2 . . . 1 . . . . . . . . . . . . . 2 1 . . . RETURN 7 | . . . . . . 5 . 1 . . . . . . . . . . . . 1 . . . Ally Attacks 347 | . . 17 . . . 53 31 107 . 58 . . . . . 24 34 . . . 23 . . . Total Damage 8575 | . . 76 . . . 276 622 1920 . 1298 . . . . . 1347 1456 . . . 1580 . . . Kills 67 | . . 2 . . . 4 11 20 . 8 . . . . . 8 9 . . . 5 . . . Allies Corrupted 2 | . . . . . . . . . . 1 . . . . . . . . . . 1 . . . Allies Melted 3 | . . . . . . . . 1 . . . . . . . 1 . . . . 1 . . . Intel | -11 -10 -10 -10 -9 -8 -8 -8 -8 -8 -6 -5 -5 -5 -5 -4 -4 -4 -4 -4 -4 -4 -3 -3 -3 ------- Run | Yrd Mat Min Exi Min Mat Gar Sto Gar Rec Fac Fac Upp Upp Zhi Pro Fac Gar Fac Upp Upp War Pro Res Tes Robot Analysis Total 16 | . 1 . . . 1 . . . . . . . . 4 . 8 . 2 . . . . . . Derelict Logs Recovered 13 | . . 1 . 2 . . . . . . . 2 2 . 1 . . . 3 2 . . . . Drone Launches 39 | . . 6 . . . 25 . 2 . . . . . . . . . . . 4 2 . . . Drone Recoveries 34 | . . 5 . . . 24 . 2 . . . . . . . . . . . 2 1 . . . Decoded 0b10 Intel 44 | . . . . . . . . . . . . . . . . 44 . . . . . . . . Garrisons 3 | . . . . . . . . . . . . . . . . 3 . . . . . . . . Patrols 15 | . . . . . . . . . . . . . . . . 15 . . . . . . . . Investigations 2 | . . . . . . . . . . . . . . . . 2 . . . . . . . . Reinforcements 3 | . . . . . . . . . . . . . . . . 3 . . . . . . . . Guards 21 | . . . . . . . . . . . . . . . . 21 . . . . . . . . Exploration | -11 -10 -10 -10 -9 -8 -8 -8 -8 -8 -6 -5 -5 -5 -5 -4 -4 -4 -4 -4 -4 -4 -3 -3 -3 ------------- Run | Yrd Mat Min Exi Min Mat Gar Sto Gar Rec Fac Fac Upp Upp Zhi Pro Fac Gar Fac Upp Upp War Pro Res Tes Turns Passed 15829 | 83 354 465 435 312 94 1314 539 1632 447 620 963 227 307 69 138 2376 2209 419 326 445 580 180 1015 280 Spaces Moved 26382 | 46 395 495 760 463 52 1395 533 2205 698 1046 1191 639 839 179 510 4496 2879 1318 874 873 991 736 2299 470 Core 237 | 2 . . . . . . . 2 . 108 125 . . . . . . . . . . . . . Treads . | . . . . . . . . . . . . . . . . . . . . . . . . . Legs . | . . . . . . . . . . . . . . . . . . . . . . . . . Wheels 234 | 44 190 . . . . . . . . . . . . . . . . . . . . . . . Hover 3501 | . 205 495 760 463 52 143 245 467 . 5 666 . . . . . . . . . . . . . Flight 22410 | . . . . . . 1252 288 1736 698 933 400 639 839 179 510 4496 2879 1318 874 873 991 736 2299 470 Fastest Speed 23 | 50 56 56 56 56 56 34 37 34 37 42 30 30 27 27 27 24 23 23 24 24 23 24 24 26 Average Speed 35 | 85 67 58 56 56 56 41 71 37 41 43 58 30 27 27 27 28 34 24 24 25 39 24 25 32 Slowest Speed 200 | 90 120 116 56 56 56 200 120 120 122 60 150 30 34 27 27 114 125 25 96 96 166 24 26 98 Overloaded Moves . | . . . . . . . . . . . . . . . . . . . . . . . . . Propulsion Burnouts . | . . . . . . . . . . . . . . . . . . . . . . . . . Robots Hopped 143 | . . . . . . . 2 2 4 5 6 2 2 . 2 34 3 20 . 1 2 2 30 26 Cave-ins Triggered . | . . . . . . . . . . . . . . . . . . . . . . . . . Teleports 1 | . . . . . . . . . . . . . . . . . . . . . . . . 1 Time Travels 1 | . . . 1 . . . . . . . . . . . . . . . . . . . . . Exploration Rate (%) 69 | 4 73 98 92 83 7 93 62 98 96 26 29 87 93 63 77 78 96 29 91 93 89 82 55 43 Regions Visited 24 Branch Regions 14 Pre-discovered Areas 12 | . . 1 1 1 . . 1 . . . . 2 1 3 . . . . 1 1 . . . . Known Exits Taken 8 | . 1 . . . 1 . 1 . . . 1 . . . . 1 . 1 . . . 1 1 . Unknown Exits Taken 13 | 1 . 1 1 1 . . . . 1 1 . 1 1 1 1 . . . 1 1 1 . . . Scrap Searched 21 | . . 1 . 2 . . . . . . . 4 2 . 2 . . . 4 1 . 5 . . Spaces Dug 102 | . . . . . . . 24 . . . 12 . 2 . . 39 2 . . 23 . . . . Terrain Destroyed 1363 | 7 . . . . . 11 82 176 24 61 40 . 5 . . 340 163 2 20 160 35 . 50 187 Melee 2 | . . . . . . . . . . . . . 2 . . . . . . . . . . . Projectile 252 | . . . . . . . 33 . 24 . 25 . 3 . . 100 37 2 20 . 1 . 5 2 AOE 1107 | 7 . . . . . 11 49 176 . 61 15 . . . . 240 124 . . 160 34 . 45 185 Terrain Rammed . | . . . . . . . . . . . . . . . . . . . . . . . . . Walls Destroyed . | . . . . . . . . . . . . . . . . . . . . . . . . . Machines Disabled . | . . . . . . . . . . . . . . . . . . . . . . . . . Actions | -11 -10 -10 -10 -9 -8 -8 -8 -8 -8 -6 -5 -5 -5 -5 -4 -4 -4 -4 -4 -4 -4 -3 -3 -3 --------- Run | Yrd Mat Min Exi Min Mat Gar Sto Gar Rec Fac Fac Upp Upp Zhi Pro Fac Gar Fac Upp Upp War Pro Res Tes Total 31383 | 68 445 627 771 481 102 2058 683 2999 850 1186 1394 666 888 199 507 5299 3758 1366 950 1080 1172 736 2560 538 Wait 2600 | . . 77 . . 43 266 105 472 83 93 85 14 3 . . 499 397 8 22 179 93 . 148 13 Move 26090 | 45 394 494 759 462 52 1394 528 2200 691 1035 1178 634 834 178 506 4429 2871 1278 873 870 986 731 2239 429 Hop 124 | . . . . . . . 2 2 2 5 6 2 2 . 1 32 2 19 . 1 2 2 29 15 Pick Up 94 | 1 10 9 3 1 . 7 2 . 2 1 9 1 4 2 . 14 17 2 1 1 1 . 3 3 Fast Attach 252 | 9 5 1 . . . 10 6 2 1 7 25 2 7 7 . 41 40 11 10 3 17 2 35 11 Attach 73 | . . . 2 . . 4 2 . . 4 7 2 1 . . 14 24 2 4 4 1 . 1 1 Detach 98 | 2 2 . 1 . . 6 1 . 1 8 8 4 2 1 . 19 16 6 6 4 5 1 4 1 Swap 112 | 1 . 4 1 . . 12 2 13 1 . 2 . 4 3 . 29 19 7 . . 3 . 7 4 Drop 291 | 1 13 13 5 1 . 17 7 9 3 2 20 2 10 8 . 53 41 13 8 5 20 . 30 10 Fire 856 | 9 21 24 . 17 7 69 28 98 17 29 51 . 8 . . 168 164 20 26 13 8 . 64 15 Melee 21 | . . . . . . . . . . . 3 5 13 . . . . . . . . . . . Ram 2 | . . . . . . . . . . 2 . . . . . . . . . . . . . . Kick . | . . . . . . . . . . . . . . . . . . . . . . . . . Crush . | . . . . . . . . . . . . . . . . . . . . . . . . . Escape Stasis 468 | . . . . . . 171 . 116 . . . . . . . . 145 . . . . . . 36 Rewire 297 | . . . . . . 102 . 87 49 . . . . . . 1 22 . . . 36 . . . Trap 5 | . . 5 . . . . . . . . . . . . . . . . . . . . . . Miscellaneous . | . . . . . . . . . . . . . . . . . . . . . . . . . Route ------- -11/Scrapyard -10/Materials (discovered 2 exits: [*Mat] / *Min) -10/Mines (discovered 3 exits: [*Mat x2] / *Exi) -10/Exiles -9/Mines -8/Materials -8/Garrison (discovered 3 exits: *Sto x3) -8/Storage -8/Garrison (discovered 3 exits: *Rec x3) -8/Recycling -6/Factory (discovered 3 exits: *Fac / *Low x2) -5/Factory (discovered 5 exits: *Upp x2 / *Ext x2 / Gar) -5/Upper Caves -5/Upper Caves (discovered 2 exits: *Fac / *Zhi) -5/Zhirov -4/Proximity Caves -4/Factory (discovered 7 exits: *Res x4 / *Upp x2 / Gar) -4/Garrison (discovered 3 exits: *Fac x3) -4/Factory (discovered 3 exits: *Res / *Upp x2) -4/Upper Caves -4/Upper Caves (discovered 2 exits: *Res / *War) -4/Warlord -3/Proximity Caves -3/Research (discovered 5 exits: [*Res] / *Arm / *Tes x2 / Gar) -3/Testing History --------- Turn | Location | Event 18 | -11/Scrapyard | Discovered new exit (range 15) 84 | -11/Scrapyard | Entered Materials 100 | -10/Materials | Central database locked down 146 | -10/Materials | Identified exit to Mines 396 | -10/Materials | Discovered new exit (range 14) 438 | -10/Materials | Entered Mines 502 | -10/Mines | Build established: Scavenger-Mutant 535 | -10/Mines | Discovered new exit (range 6) 554 | -10/Mines | Found a hidden stash of uninstalled traps 678 | -10/Mines | Found the Drone Emporium 679 | -10/Mines | Learned location of Storage (-8) 684 | -10/Mines | Found Prototype Device 684 | -10/Mines | Identified Thief Drone Bay 763 | -10/Mines | Discovered new exit (range 38) 875 | -10/Mines | Found a damaged Exp. Sensor Array with a note attached 877 | -10/Mines | Found Prototype Device 901 | -10/Mines | Deemed a non-threat by the Exiles lab entrance 901 | -10/Mines | Discovered new exit (range 5) 903 | -10/Mines | Entered Exiles 918 | -10/Exiles | Met 8R-AWN 927 | -10/Exiles | Met EX-HEX 942 | -10/Exiles | Met EX-BIN 949 | -10/Exiles | Aligned with FarCom system 949 | -10/Exiles | Given EX-Vault access code 972 | -10/Exiles | Opened EX-Vault 977 | -10/Exiles | Found Chronowheel 990 | -10/Exiles | Warned to stay clear of 0b10 Research branches 1006 | -10/Exiles | Met EX-DEC 1018 | -10/Exiles | Learned location of Zion (-7) 1041 | -10/Exiles | Visited The Gauntlet 1090 | -10/Exiles | Build established: Mutant 1204 | -10/Exiles | Activated Chronowheel 1204 | -10/Exiles | Spacetime reconverged on an earlier point 1207 | -10/Exiles | Identified Exp. Sensor Array 1280 | -10/Exiles | Found XL Autogun Array 1332 | -10/Exiles | Discovered new exit (range 11) 1338 | -10/Exiles | Left Exiles lab with XL Autogun Array 1338 | -10/Exiles | Entered Mines 1387 | -9/Mines | Learned Materials emergency access door positions 1474 | -9/Mines | Discovered new exit (range 14) 1541 | -9/Mines | YI-UF0 nonchalantly dropped a Grenade Launcher on the ground 1555 | -9/Mines | Received a Rocket Launcher from a helpful Derelict 1650 | -9/Mines | Entered Materials 1650 | -8/Materials | Evolved 4 slots: Propulsion x1, Utility x1, Weapon x2 1744 | -8/Materials | Identified exit to Garrison 1744 | -8/Materials | Entered Garrison 1781 | -8/Garrison | Triggered checkpoint 1789 | -8/Garrison | Triggered checkpoint 1818 | -8/Garrison | Triggered checkpoint 1845 | -8/Garrison | Garrison Relay disabled 1846 | -8/Garrison | Destroyed 10 combat bots 1848 | -8/Garrison | Triggered checkpoint 1966 | -8/Garrison | Triggered checkpoint 2021 | -8/Garrison | Garrison Relay disabled 2039 | -8/Garrison | Discovered new exit (range 14) 2150 | -8/Garrison | Triggered checkpoint 2297 | -8/Garrison | Discovered new exit (range 11) 2306 | -8/Garrison | Triggered checkpoint 2341 | -8/Garrison | Garrison Relay disabled 2377 | -8/Garrison | Discovered new exit (range 20) 2377 | -8/Garrison | Discovered new exit (range 78) 2377 | -8/Garrison | Discovered new exit (range 42) 2426 | -8/Garrison | Triggered checkpoint 2434 | -8/Garrison | Build established: Skirmisher 2443 | -8/Garrison | Garrison Relay disabled 2496 | -8/Garrison | Triggered checkpoint 2524 | -8/Garrison | Garrison Relay disabled 2540 | -8/Garrison | Triggered checkpoint 2862 | -8/Garrison | Build established: Commander-Skirmisher 3058 | -8/Garrison | Entered Storage 3058 | -8/Storage | Accompanied by 12 allies 3094 | -8/Storage | Repaired Rocket Launcher 3327 | -8/Storage | Learned location of Armory (-3) 3540 | -8/Storage | Garrison activated, responded to threat 3574 | -8/Storage | Identified exit to Garrison 3597 | -8/Storage | Entered Garrison 3597 | -8/Garrison | Accompanied by 8 allies 3614 | -8/Garrison | Triggered checkpoint 3617 | -8/Garrison | Garrison Relay disabled 3666 | -8/Garrison | Triggered checkpoint 3676 | -8/Garrison | Triggered checkpoint 3681 | -8/Garrison | Build established: Commander-Gunner 3727 | -8/Garrison | Spotted B-75 Beast 3748 | -8/Garrison | Triggered checkpoint 3766 | -8/Garrison | Allies destroyed B-75 Beast 3778 | -8/Garrison | Garrison Relay disabled 3801 | -8/Garrison | Garrison Relay disabled 3815 | -8/Garrison | Phase Generator disabled 3820 | -8/Garrison | Discovered new exit (range 14) 3944 | -8/Garrison | Triggered checkpoint 4030 | -8/Garrison | Build established: Commander-Skirmisher 4092 | -8/Garrison | Garrison Relay disabled 4225 | -8/Garrison | Triggered checkpoint 4230 | -8/Garrison | Triggered checkpoint 4326 | -8/Garrison | Triggered checkpoint 4397 | -8/Garrison | Discovered new exit (range 15) 4429 | -8/Garrison | Triggered checkpoint 4550 | -8/Garrison | Discovered new exit (range 3) 4560 | -8/Garrison | Lost 5 allies 4598 | -8/Garrison | Triggered checkpoint 4633 | -8/Garrison | Rescued a captive Derelict 4659 | -8/Garrison | Garrison Relay disabled 4668 | -8/Garrison | Triggered checkpoint 4736 | -8/Garrison | Triggered checkpoint 4859 | -8/Garrison | Triggered checkpoint 5229 | -8/Garrison | Entered Recycling 5229 | -8/Recycling | Accompanied by 7 allies 5254 | -8/Recycling | Found Scrap Engine 5492 | -8/Recycling | Discovered new exit (range 15) 5676 | -8/Recycling | Entered Factory 5676 | -6/Factory | Accompanied by 12 allies 5676 | -6/Factory | Evolved 4 slots: Propulsion x2, Utility x2 5783 | -6/Factory | Discovered new exit (range 10) 5872 | -6/Factory | Spotted B-75 Beast 5879 | -6/Factory | Allies destroyed B-75 Beast 6026 | -6/Factory | First assault squad dispatched 6150 | -6/Factory | Lost 3 parts (1n1u1w) 6152 | -6/Factory | Lost 9 allies 6167 | -6/Factory | Fabricated O-24 Administrator? 6269 | -6/Factory | Identified exit to Lower Caves 6277 | -6/Factory | Core integrity fell below 50% 6289 | -6/Factory | Discovered new exit (range 16) 6291 | -6/Factory | Core integrity fell below 20% 6296 | -6/Factory | Entered another Factory area 6296 | -5/Factory | Evolved 2 slots: Utility x2 6317 | -5/Factory | Identified exit to Garrison 6318 | -5/Factory | Lost 5 parts (3n2u) 6496 | -5/Factory | Fabricated O-24 Administrator (x1) 6815 | -5/Factory | Build established: Scavenger-Mutant 6946 | -5/Factory | Discovered new exit (range 11) 7034 | -5/Factory | Fabricated K-01 Serf? 7084 | -5/Factory | Identified exit to Upper Caves 7084 | -5/Factory | Identified exit to Extension 7146 | -5/Factory | Repaired Broken Gyrokinetic Inverter? 7148 | -5/Factory | Repaired Adv. Plasma Cannon 7259 | -5/Factory | Entered Upper Caves 7265 | -5/Upper Caves | Met a Warlord Commander 7266 | -5/Upper Caves | Learned location of Warlord (-4) 7267 | -5/Upper Caves | Warlord Commander delivered Encrypted Comm Array 7281 | -5/Upper Caves | Found Encrypted Comm Array 7471 | -5/Upper Caves | Attracted the attention of an 0b10 base 7474 | -5/Upper Caves | Discovered new exit (range 12) 7480 | -5/Upper Caves | Learned Factory trap positions 7486 | -5/Upper Caves | Entered another Upper Caves area 7487 | -5/Upper Caves | Encountered a Warlord checkpoint 7488 | -5/Upper Caves | Discovered new exit (range 5) 7635 | -5/Upper Caves | Build established: Hacker-Sprinter 7755 | -5/Upper Caves | Discovered new exit (range 12) 7793 | -5/Upper Caves | Entered Zhirov 7793 | -5/Zhirov | Discovered new exit (range 3) 7798 | -5/Zhirov | Met Zhirov 7805 | -5/Zhirov | Found Alien Artifact 7805 | -5/Zhirov | Identified Integrated Reactor 7805 | -5/Zhirov | Installed Integrated Reactor, increased core energy generation (+10) 7836 | -5/Zhirov | Found Alien Artifact 7850 | -5/Zhirov | Learned location of Quarantine (-2) 7850 | -5/Zhirov | Learned location of Testing (-3) 7850 | -5/Zhirov | Learned location of Command (-1) 7854 | -5/Zhirov | Zhirov requested help retrieving the SGEMP Prototype 7862 | -5/Zhirov | Entered Proximity Caves 7953 | -4/Proximity Caves | Learned Research emergency access door positions 7955 | -4/Proximity Caves | Discovered new exit (range 12) 8000 | -4/Proximity Caves | Entered Factory 8000 | -4/Factory | Evolved 2 slots: Power x1, Utility x1 8001 | -4/Factory | Loaded intel: 84 trap records 8014 | -4/Factory | Joined by Warlord Geek squad 8060 | -4/Factory | Spotted B-86 Titan 8078 | -4/Factory | Destroyed B-86 Titan 8130 | -4/Factory | Discovered new exit (range 18) 8170 | -4/Factory | Garrison activated, responded to threat 8292 | -4/Factory | Identified exit to Garrison 8341 | -4/Factory | Joined by Warlord Geek squad 8388 | -4/Factory | Fabricated O-24 Administrator? 8423 | -4/Factory | Joined by Warlord Ranger squad 8429 | -4/Factory | Identified exit to Upper Caves 8537 | -4/Factory | Joined by Warlord Geek squad 8574 | -4/Factory | Garrison activated, responded to threat 8615 | -4/Factory | Identified exit to Research 8655 | -4/Factory | Joined by Warlord Pyro squad 8684 | -4/Factory | Repaired Adv. Plasma Cannon 8730 | -4/Factory | Repaired Imp. Medium Armor Plating? 8827 | -4/Factory | Spotted B-86 Titan 8887 | -4/Factory | Build established: Wizard-Sprinter 9108 | -4/Factory | Identified Transdimensional Reconstructor 9227 | -4/Factory | Garrison activated, responded to threat 9634 | -4/Factory | Found Prototype Processor 9634 | -4/Factory | Identified Exp. Melee Analysis Suite 10000 | -4/Factory | First assault squad dispatched 10058 | -4/Factory | Garrison activated, responded to threat 10203 | -4/Factory | Fabricated P-80 Master? 10301 | -4/Factory | Fabricated P-80 Master (x2) 10344 | -4/Factory | Lost 4 allies 10376 | -4/Factory | Entered Garrison 10385 | -4/Garrison | Build established: Hacker-Mutant 10392 | -4/Garrison | Triggered checkpoint 10422 | -4/Garrison | Garrison Relay disabled 10446 | -4/Garrison | Triggered checkpoint 10483 | -4/Garrison | Triggered checkpoint 10500 | -4/Garrison | Triggered checkpoint 10604 | -4/Garrison | Spotted B-86 Titan 10724 | -4/Garrison | Lost 4 parts (1p3u) 10748 | -4/Garrison | Destroyed B-86 Titan 10769 | -4/Garrison | Lost 6 parts (1p2n3w) 10951 | -4/Garrison | Core integrity fell below 50% 11008 | -4/Garrison | Triggered checkpoint 11018 | -4/Garrison | Discovered new exit (range 12) 11021 | -4/Garrison | Build established: Hacker-Sprinter 11264 | -4/Garrison | Triggered checkpoint 11314 | -4/Garrison | Discovered new exit (range 16) 11356 | -4/Garrison | Triggered checkpoint 11356 | -4/Garrison | Garrison Relay disabled 11427 | -4/Garrison | Discovered new exit (range 13) 11448 | -4/Garrison | Triggered checkpoint 11496 | -4/Garrison | Lost 4 allies 11500 | -4/Garrison | Garrison Relay disabled 11762 | -4/Garrison | Phase Generator disabled 11835 | -4/Garrison | Lost 3 parts (1n1u1w) 11840 | -4/Garrison | Triggered checkpoint 11861 | -4/Garrison | Build established: Scavenger-Sprinter 11907 | -4/Garrison | Garrison Relay disabled 12075 | -4/Garrison | Found Relay Coupler [Proto] 12078 | -4/Garrison | Found Relay Coupler [Proto] 12309 | -4/Garrison | Lost 3 allies 12368 | -4/Garrison | Garrison Relay disabled 12370 | -4/Garrison | Garrison Relay disabled 12374 | -4/Garrison | Garrison Relay disabled 12376 | -4/Garrison | Garrison Relay disabled 12520 | -4/Garrison | Identified exit to Factory 12585 | -4/Garrison | Entered Factory 12704 | -4/Factory | Found Imp. Powered Armor 12760 | -4/Factory | Discovered exit to Research (range 5) 12770 | -4/Factory | Central database locked down 12835 | -4/Factory | First assault squad dispatched 12865 | -4/Factory | Found Imp. Powered Armor 13004 | -4/Factory | Entered Upper Caves 13133 | -4/Upper Caves | Learned Research emergency access door positions 13145 | -4/Upper Caves | Attracted the attention of an 0b10 checkpoint 13154 | -4/Upper Caves | Learned Research security intel 13158 | -4/Upper Caves | Discovered new exit (range 17) 13330 | -4/Upper Caves | Entered another Upper Caves area 13331 | -4/Upper Caves | Encountered a Warlord checkpoint 13351 | -4/Upper Caves | Learned Research terminal intel 13364 | -4/Upper Caves | Discovered exit to Research (range 19) 13663 | -4/Upper Caves | Spotted B-86 Titan 13765 | -4/Upper Caves | Discovered new exit (range 12) 13775 | -4/Upper Caves | Entered Warlord 13792 | -4/Warlord | System corruption cleaned by Quarantine Array 13903 | -4/Warlord | Warlord's base attacked by MAIN.C 13904 | -4/Warlord | Met Warlord 13922 | -4/Warlord | Found Prototype Energy Cannon 13922 | -4/Warlord | Identified Vortex Driver 13924 | -4/Warlord | Found Prototype Launcher 13924 | -4/Warlord | Identified Vortex Catalyst Activator 13932 | -4/Warlord | Found Vortex Driver 14115 | -4/Warlord | Found Prototype Device 14115 | -4/Warlord | Identified Wardrone Bay 14253 | -4/Warlord | Warlord forces counterattacked 14264 | -4/Warlord | Spotted Striker 14300 | -4/Warlord | Lost 4 allies 14311 | -4/Warlord | Spotted Striker 14312 | -4/Warlord | Spotted Executioner 14315 | -4/Warlord | Attacked by Warlord forces 14316 | -4/Warlord | Spotted DL-WDY(g) 14345 | -4/Warlord | Lost 5 allies 14353 | -4/Warlord | Discovered new exit (range 9) 14355 | -4/Warlord | Entered Proximity Caves 14472 | -3/Proximity Caves | Discovered exit to Research (range 15) 14535 | -3/Proximity Caves | Entered Research 14535 | -3/Research | Evolved 2 slots: Propulsion x1, Utility x1 14538 | -3/Research | Loaded intel: 23 terminal locations 14541 | -3/Research | Identified exit to DSF 14559 | -3/Research | Found Prototype Processor 14559 | -3/Research | Identified Exp. Target Analyzer 14585 | -3/Research | Discovered new exit (range 7) 14755 | -3/Research | Discovered new exit (range 10) 14836 | -3/Research | Found Exp. Target Analyzer 14884 | -3/Research | Discovered new exit (range 6) 15021 | -3/Research | Identified exit to Armory 15021 | -3/Research | Identified exit to Testing 15075 | -3/Research | Destroyed 9 combat bots 15085 | -3/Research | Identified exit to Garrison 15095 | -3/Research | Found Prototype Device 15095 | -3/Research | Identified Exp. Focal Shield 15247 | -3/Research | Lost 4 parts (2p1u1w) 15296 | -3/Research | Spotted B-86 Titan 15305 | -3/Research | Found Fusion Bomb Launcher 15323 | -3/Research | Garrison activated, responded to threat 15500 | -3/Research | Repaired Xenon Bombardment Thruster 15535 | -3/Research | Search patrols dispatched 15550 | -3/Research | Entered Testing 15551 | -3/Testing | Maximum security lockdown engaged 15560 | -3/Testing | Protovariant out of control (PH-5JX2WBWEMP) 15563 | -3/Testing | Found Prototype Hackware 15563 | -3/Testing | Identified System Mapper 15585 | -3/Testing | Found Prototype Launcher 15585 | -3/Testing | Identified Tactical Quantum Warhead 15618 | -3/Testing | Spotted Striker 15625 | -3/Testing | Lost 3 parts (2n1w) 15635 | -3/Testing | Found Portable AFG 15642 | -3/Testing | Spotted Striker 15681 | -3/Testing | Spotted Alpha 7 15683 | -3/Testing | Stole the SGEMP Prototype 15685 | -3/Testing | Warped through subspace 15762 | -3/Testing | Spotted Executioner 15801 | -3/Testing | Scanned by Researcher 15802 | -3/Testing | Destroyed Investigator 15814 | -3/Testing | System corruption reached 10% 15816 | -3/Testing | Core integrity fell below 50% 15826 | -3/Testing | Spotted Executioner 15826 | -3/Testing | Spotted Striker 15827 | -3/Testing | Core integrity fell below 20% 15827 | -3/Testing | System corruption reached 30% 15830 | -3/Testing | Destroyed by Striker with Compact Linear Accelerator Last Messages --------------- 15826_ System corrupted by crushing effect (+5). 15826_ Knocked back. 15826_ M-36 Artificer stasis bubble bursts. 15827_ The unstable cave ceiling collapses. 15827_ P-80 Master resets M-36 Artificer, system corruption cleaned. 15827_ System Mapper destroyed. 15827_ System corrupted by crushing effect (+5). 15827_ Stasis bubble strength at 93. 15827_ G-67 Veteran stasis bubble strength at 181. 15828_ Stasis bubble strength at 87. 15828_ G-73 Enforcer stasis bubble strength at 177. 15828_ G-67 Veteran stasis bubble strength at 162. 15829_ M-36 Artificer repairs G-73 Enforcer. 15829_ Stasis bubble strength at 81. 15829_ G-73 Enforcer stasis bubble strength at 62. 15829_ P-80 Master resets B-74 Champion, system corruption cleaned. 15829_ G-73 Enforcer stasis bubble strength at 154. 15829_ G-67 Veteran stasis bubble strength at 143. 15829_ B-74 Champion stasis bubble strength at 170. 15829_ G-67 Veteran stasis bubble strength at 181. Map ----- +----------------------------------------------------+ | " ???????????????????""" #??????????????????#""""" | | ???????????????????""" #??????????????????#"" "" | | " ???????????????????""" #??????????????????#" | | "???????????????????? ???????????????????#" " | | ???????#?#??????????? ????????????????????# | | ???????# #??????????##+##???????????????????? | | ######## ############ #######################+## | | =[[!!%!![[ "%!]%[![% %/!! !%= !!%!%[ | | ##########"########## #######"""################ | | ?????????###????????## ##?????### #??????????????? | | ?????????????????????#!#?????????##??????????????? | | ?????????????????????#*#?????????????????????????? | | ?????????????????????#%#?????????????????????????? | | #######??????????????#!#?????????????????????????? | | """ ###????????????#[#?????????????????????????? | | "R" "#?????????####/###???????????????????????? | | " " ""#????????##![[!%=##??????????????????????? | | ""#????????# =%=E= #??????????????????????? | | ""#????????# m%""" ##?????????????????????? | | ""#????????# m """ #?????????????????????? | | ! T"#?????????# ih""" ##????????????????????? | | ""#?????????# i %g ###??????????????????? | | ""#?????????##g g g #??????????????????? | | "" ""#?????????# gggg #??????????????????? | | "" ""#???+####### gg|pl #???????????????????? | | "" "#??# pg%ggg@ #???????????????????? | | "" ###??# Emg gp hb #???????????????????? | | "" #????# %% bbeb ##???????????????????? | | "" #????# % ## em #???????????????????? | | #????# """???# bK # #???????????????????? | | #?????????????# * #""??????????????????? | | #??????p???i?? ##""T?????????????????? | | #######????????????##! #?? ????????????????? | | ????????????????????#### ##??? ?????????????????? | | ???????????????????????p #??????????????????????? | | ???????????????????????"" #??????????????????????? | | #?????????????????p?p??"" #??????????????????????? | | #??????????????????????"" #??????????????????????? | | #???????????????????????? #??????????????????????? | | #?????????????????g?????? ???????????????????????? | | #????????????????????????#???????????????????????? | | #?????????????????g??????????????????????????????? | | ?????????????????????????????????????????????????? | | ?????????????????????????????????????????????????? | | #????????????????????????????????????????????????? | | #????????????????????????????????????????????????? | | #????????????????????????????????????????????????? | | #????????????????????????????????????????????????? | | #????????????????????????????????????????????????? | | #????????????????????????????????????????????????? | +----------------------------------------------------+ Best States ------------- Heat Dissipation 93 Energy Generation 54 Energy Capacity 315 Matter Stores 568 Matter Capacity 800 Sight Range 22 Terrain Scan Range 24 Terrain Scan Density 210 ECM Strength 2 Power Amplification 40 Additional Mass Support 16 Base Temperature (-) 200 Corruption Containment 12 Armor Coverage 675 Resistance: KI 25 Core Shielding 30 Propulsion Shielding 90 Utility Shielding 66 Point Defense Rating 240 Weapon Cycling 20 Evasion (%) 76 Targeting Accuracy 6 Target Analysis 14 Core Analysis 6 Armor Integrity Analysis 40 Recoil Reduction 6 Matter Filtering 30 Energy Filtering 30 Particle Charging 30 Kinecelleration 40 Offensive Hacking 48 Defensive Hacking 24 Authchip Count 1 Item Schematics ----------------- Recoil Nullifier | -5/Factory | Hacked Assault Drone Bay | -5/Zhirov | Free Exp. Heat Sink | -5/Zhirov | Free Exp. Optical Array | -5/Zhirov | Free Imp. Arc Thrower | -5/Zhirov | Free Exp. Propulsion Shielding | -4/Factory | Hacked Impulse Thruster | -4/Factory | Scanalyzed Mic. Fission Core | -4/Factory | Scanalyzed Imp. Medium Armor Plating | -4/Factory | Scanalyzed Energy Filter | -4/Factory | Scanalyzed Railgun | -4/Factory | Scanalyzed Matter Compressor | -4/Factory | Scanalyzed Robot Schematics ------------------ O-24 Administrator | -8/Recycling | Hacked P-80 Master | -4/Factory | Hacked I-47 Archangel | -4/Factory | Hacked Y-54 Guardian | -4/Factory | Hacked Fabricated ------------ O-24 Administrator | x1 | -6/Factory O-24 Administrator | x1 | -5/Factory K-01 Serf | x1 | -5/Factory | Preloaded O-24 Administrator | x1 | -4/Factory P-80 Master | x2 | -4/Factory P-80 Master | x2 | -4/Factory Alien Tech Used ----------------- Integrated Reactor Transdimensional Reconstructor Achievements -------------- None Challenges ------------ None Game ------ Seed CarbideGaussCoupler Manual? 0 Play Time 06:02:24 Cumulative 295.3 hours Start 2024.05.01 @ 03:41:47 End 2024.05.07 @ 13:24:19 Sessions 5 Manual Loads 0 Difficulty Rogue Special Mode None Game No. 118 Rogue 118 Adventurer 0 Explorer 0 Win Type - Total 1 Types 0/0/1/0/0/0/0/0/0 Lore% 66 Gallery% 74 Achievement% 59 Wizard Run 0 Options --------- Layout 0 ASCII 0 Keyboard 1 Movement Arrows Keybinds 0 Fullscreen 1 Font 12/Proggy Map View 83x54 Zoom Use 0% Tactical HUD 1 Map Filters NONE Filters NONE Steam 0 RUN: bad45987-b3ef-45aa-a12b-3195532d246c